 Dungeon Crawl Stone Soup version 0.25.0-9-g26727b657a (webtiles) character file.

Game seed: 8900538951717497460

3015 nikku the Thaumaturge (level 9, -1/45 HPs)
             Began as a Deep Elf Conjurer on June 19, 2020.
             Slain by a wight
             ... wielding a +0 battleaxe
              (13 damage)
             ... on level 8 of the Dungeon on June 20, 2020.
             The game lasted 00:32:01 (8677 turns).

nikku the Thaumaturge (Deep Elf Conjurer)           Turns: 8677, Time: 00:32:02

Health: -1/45      AC:  8    Str:  5    XL:     9   Next: 55%
Magic:  15/25      EV: 11    Int: 24    God:
Gold:   411        SH:  0    Dex: 15    Spells: 18/29 levels left

rFire    . . .     SeeInvis .   z - -1 long sword (curse)
rCold    + . .     Gourm    .   (no shield)
rNeg     . . .     Faith    .   r - +2 leather armour {rC+}
rPois    .         Spirit   .   (no helmet)
rElec    .         Reflect  .   w - scarf {repulsion}
rCorr    +         Harm     .   m - +1 pair of gloves
MR       .....                  k - +0 pair of boots
Stlth    +.........             (no amulet)
HPRegen  0.15/turn              g - ring of resist corrosion
MPRegen  0.19/turn              a - ring of attention (curse)

@: heavily drained, repel missiles
A: no striking features
a: no special abilities


You were on level 8 of the Dungeon.
You were hungry.

You visited 1 branch of the dungeon, and saw 8 of its levels.

You collected 411 gold pieces.

Inventory:

Hand Weapons
 b - a +3 dagger of speed
 z - a cursed -1 long sword (weapon)
Missiles
 l - 5 poisoned darts (quivered)
Armour
 k - a +0 pair of boots (worn)
 m - a +1 pair of gloves (worn)
 r - a +2 leather armour of cold resistance (worn)
 w - a scarf of repulsion (worn)
 B - a +1 pair of boots of flying
Magical Staves
 s - an uncursed staff of fire
Jewellery
 a - a cursed ring of attention (right hand)
 g - a ring of resist corrosion (left hand)
 t - a +6 ring of strength
 u - an uncursed ring of ice
 A - an uncursed ring of protection from magic {unknown}
Wands
 y - a wand of iceblast (6)
 C - a wand of disintegration (13)
Scrolls
 d - a scroll of blinking
 j - 2 scrolls of enchant weapon
 v - a scroll of magic mapping
 x - 2 scrolls of teleportation
Potions
 e - 2 potions of heal wounds
 f - 3 potions of curing
 h - 2 potions of lignification
 i - 2 potions of magic
 n - a potion of mutation
 o - a potion of stabbing
 p - 2 potions of cancellation
 q - 2 potions of invisibility
 D - a potion of brilliance {unknown}
Comestibles
 c - 16 rations


   Skills:
 - Level 2.4(1.3) Dodging
 - Level 2.4(1.3) Stealth
 + Level 10.5(9.1) Spellcasting
 - Level 6.0(4.7) Conjurations
 + Level 9.3(7.9) Hexes
 + Level 7.8(6.5) Translocations


You had 18 spell levels left.
You knew the following spells:

 Your Spells              Type           Power        Failure   Level  Hunger
a - Magic Dart            Conj           ####         1%          1    None
b - Searing Ray           Conj           ####..       1%          2    None
c - Fulminant Prism       Conj/Hex       #####.....   7%          4    ##.....
d - Iskenderun's Mystic   Conj/Tloc      #####...     10%         4    ##.....

Your spell library contained the following spells:

 Spells                   Type           Power        Failure   Level  Hunger
 Dazzling Flash           Conj/Hex       #####.       1%          3    None


Dungeon Overview and Level Annotations

Branches:
Dungeon (8/15)             Temple (0/1) D:7
   Lair: D:8-11

Altars:
Kikubaaqudgha
Okawaru
Qazlal
Trog
Uskayaw

Annotations:
D:5 2 transporters, Breghan's ghost, novice OpWn
D:7 1 runed translucent door, Dusoehad's ghost, amateur HaHu


Message History

* * * LOW HITPOINT WARNING * * *
You finish channeling your searing ray.
The wight closely misses you. The wight hits you but does no damage.
The wight closely misses you. x2
The wight barely misses you. The wight closely misses you.
Casting: Searing Ray (safe; 1% risk of failure)
Confirm with . or Enter, or press ? or * to list all spells.
Aiming: Searing Ray (safe; 1% risk of failure)
Press: ? - help, Shift-Dir - straight line, f - wight
Aim: a wight, wielding a +0 battleaxe and wearing a +0 robe The searing ray misses the wight.
The searing ray hits the wight.
The wight is lightly damaged. (Press . to maintain the ray.)
The wight misses you. The wight barely misses you.
The searing ray hits the wight.
The wight is moderately damaged.
The searing ray hits the wight.
The wight is moderately damaged.
The wight hits you with a +0 battleaxe!
You die... #....' .# #....# .. #....##' #...... ..... zzz

###z# #..@#
######.. #...#
.....#... ###'##
.....# ..#####....#
.....# #.........#
.....# #.........#
.....##+#.........#
.....#..#.........#
.....'..####'#....#


You could see 4 wights.

Vanquished Creatures
  A two-headed ogre (D:8)
  Edmund (D:5)
  An orc warrior (D:8)
  2 sky beasts (D:5)
  A phantom (D:7)
  5 ogres
  2 centaurs (D:5)
  3 bullfrogs
  A scorpion (D:7)
  5 killer bees (D:8)
  A wight (D:8)
  2 howler monkeys (D:4)
  5 crimson imps
  2 hounds
  2 bullfrog skeletons
  A centaur skeleton (D:4)
  An iguana (D:5)
  An orc wizard (D:7)
  5 worker ants
  A hound skeleton (D:7)
  A worker ant zombie (D:5)
  3 gnolls (D:5)
  8 adders
  A shadow imp (D:8)
  An adder skeleton (D:7)
  3 worms
  2 dart slugs (D:2)
  8 leopard geckos
  21 orcs
  2 ball pythons (D:2)
  3 giant cockroaches
  10 hobgoblins
  17 jackals
  4 kobolds
  2 quokkas
  6 bats
  5 frilled lizards
  9 goblins
  3 rats
152 creatures vanquished.

Vanquished Creatures (others)
  An orc (D:7)
  6 fulminant prisms
7 creatures vanquished.

Grand Total: 159 creatures vanquished

Notes
Turn   | Place    | Note
-------+----------+-------------------------------------------
     0 | D:1      | nikku the Deep Elf Conjurer began the quest for the Orb.
     0 | D:1      | Reached XP level 1. HP: 10/10 MP: 6/6
   169 | D:1      | Reached XP level 2. HP: 15/15 MP: 5/8
   897 | D:1      | Reached skill level 4 in Spellcasting
  1054 | D:2      | Reached XP level 3. HP: 19/19 MP: 8/10
  1103 | D:2      | Learned a level 2 spell: Searing Ray
  1111 | D:2      | Reached skill level 5 in Conjurations
  1214 | D:2      | Found an iron altar of Okawaru.
  1684 | D:2      | Reached XP level 4. HP: 24/24 MP: 9/12
  2209 | D:3      | Learned a level 4 spell: Fulminant Prism
  2214 | D:3      | Learned a level 4 spell: Iskenderun's Mystic Blast
  2395 | D:3      | Reached skill level 5 in Spellcasting
  2395 | D:3      | Reached skill level 1 in Hexes
  2395 | D:3      | Reached skill level 1 in Translocations
  2581 | D:3      | Reached XP level 5. HP: 28/28 MP: 9/14
  3155 | D:4      | Noticed an ogre
  3654 | D:4      | Reached XP level 6. HP: 32/32 MP: 12/16
  3662 | D:4      | Reached skill level 6 in Spellcasting
  4078 | D:4      | Found a stormy altar of Qazlal.
  4379 | D:5      | Entered Level 5 of the Dungeon
  4461 | D:5      | Found a hide-covered altar of Uskayaw.
  4495 | D:5      | Noticed a sky beast
  4512 | D:5      | Killed a sky beast
  4598 | D:5      | Found a bloodstained altar of Trog.
  4725 | D:5      | Found a transporter.
  4747 | D:5      | Identified the +8 great mace of Conuirphy {venom, +Fly MR+
                  | Stlth+}
  4749 | D:5      | Noticed Breghan's ghost (novice OpWn)
  4757 | D:5      | Found a transporter.
  4786 | D:5      | Reached XP level 7. HP: 31/36 MP: 2/19
  4890 | D:5      | Noticed Edmund
  4900 | D:5      | Killed Edmund
  4900 | D:5      | Reached skill level 7 in Spellcasting
  5166 | D:5      | Reached skill level 5 in Hexes
  5517 | D:5      | Reached XP level 8. HP: 37/41 MP: 15/21
  5893 | D:5      | Reached skill level 5 in Translocations
  6107 | D:6      | Reached skill level 8 in Spellcasting
  6272 | D:6      | Found an ancient bone altar of Kikubaaqudgha.
  7133 | D:7      | Found a staircase to the Ecumenical Temple.
  7234 | D:7      | Reached skill level 9 in Spellcasting
  7410 | D:7      | Found a runed translucent door.
  7410 | D:7      | Noticed Dusoehad's ghost (amateur HaHu)
  8144 | D:8      | Noticed a two-headed ogre
  8155 | D:8      | Killed a two-headed ogre
  8155 | D:8      | Reached skill level 10 in Spellcasting
  8155 | D:8      | Reached XP level 9. HP: 45/45 MP: 8/25
  8677 | D:8      | Slain by a wight

Illustrated notes

Levels and vault maps discovered:
D:1:      sevenhm_arrival_forest_fort_large_3, layout_loops_ring
D:2:      layout_basic, first_ration, okawaru_gym_becter
D:3:      layout_basic
D:4:      layout_basic, lemuel_coloured_pillars_altar, grunt_tough_drop
D:5:      layout_cave_pods, eat_drink_and_be_merry_uskayaw, kennysheep_mini,
          gammafunk_ghost_smash, minmay_diced_spiral, uniq_edmund
D:6:      layout_basic, kennysheep_mini_moat
D:7:      layout_cave_pods, minmay_temple_entry_glassed_door,
          hellmonk_ghost_happy_afterlife
D:8:      layout_gridville, amethyst_overflow_temple_binary, basic_altar

Skill      XL: |  1  2  3  4  5  6  7  8  9 |
---------------+----------------------------+-----
Spellcasting   | 4 5 6 7 10 | 10.5
Conjurations   | 5 6 |  6.0
Hexes          | 1 3 4 5 8 9 |  9.3
Translocations | 1 2 3 4 7 |  7.8
Dodging        | |  2.4
Stealth        | |  2.4

Action                   |  1- 3 |  4- 6 |  7- 9 || total
-------------------------+-------+-------+-------++-------
 Cast: Magic Dart        |    83 |   101 |   143 ||   327
       Searing Ray       |     1 |     8 |    24 ||    33
       Iskenderun's Myst |       |       |    11 ||    11
       Fulminant Prism   |       |       |     6 ||     6
  Use: Scroll            |     4 |    12 |     3 ||    19
  Eat: Chunk             |     2 |     9 |     9 ||    20
       Ration            |       |       |     1 ||     1
Armor: Robe              |       |     1 |       ||     1
       Leather armour    |       |       |     6 ||     6
Dodge: Dodged            |     6 |     5 |    36 ||    47
       Repelled          |       |       |     4 ||     4
